 Dungeon Crawl Stone Soup version 0.27-a0-951-gae3e1deef5 (webtiles) character file.

Game seed: 7435799751180399389

532 mhtbhm the Digger (level 7, 0/38 HPs)
             Began as a Gargoyle Earth Elementalist on Apr 11, 2021.
             Was a Follower of Vehumet.
             Slain by a goblin
             ... wielding a +0 club
             ... led by Robin
              (3 damage)
             ... on level 4 of the Dungeon.
             The game lasted 00:11:54 (4091 turns).

mhtbhm the Digger (Gargoyle Earth Elementalist)     Turns: 4091, Time: 00:11:56

Health: 0/38       AC:  9    Str: 11    XL:     7   Next: 24%
Magic:  13/13      EV: 12    Int: 18    God:    Vehumet [*.....]
Gold:   152        SH:  0    Dex: 10    Spells: 3/14 levels left

rFire    . . .     SeeInvis .   a - +1 morningstar
rCold    . . .     Faith    .   (no shield)
rNeg     + . .     Spirit   .   c - +1 robe
rPois    ∞         Reflect  .   m - +0 helmet
rElec    +         Harm     .   (no cloak)
rCorr    .         Rampage  .   e - +0 pair of gloves
Will     .....                  (no boots)
Stlth    ++........             (no amulet)
HPRegen  0.12/turn              (no ring)
MPRegen  0.13/turn              (no ring)

@: no status effects
A: AC +4, negative energy resistance 1, electricity resistance, torment
resistance 1, unbreathing 1, petrification resistance
a: Renounce Religion


You were on level 4 of the Dungeon.
You worshipped Vehumet.
Vehumet was aware of your devotion.
You visited 1 branch of the dungeon, and saw 4 of its levels.

You collected 152 gold pieces.

Inventory:

Hand Weapons
 a - a +1 morningstar (weapon)
Missiles
 b - 72 stones
 f - 25 poisoned darts (quivered)
Armour
 c - a +1 robe (worn)
 e - a +0 pair of gloves (worn)
 m - a +0 helmet (worn)
Wands
 g - a wand of random effects (13)
Scrolls
 i - a scroll of enchant armour
 p - a scroll of blinking {unknown}
 q - a scroll of fog {unknown}
Potions
 d - a potion of brilliance


   Skills:
 + Level 1.3 Fighting
 + Level 2.4 Maces & Flails
 + Level 0.4 Throwing
 + Level 2.6 Dodging
 - Level 2.3 Stealth
 + Level 4.3 Spellcasting
 + Level 1.0 Transmutations
 + Level 6.2 Earth Magic


You had 3 spell levels left.
You knew the following spells:

 Your Spells              Type           Power      Damage    Failure   Level
a - Sandblast             Erth           52%        2d12      1%          1
b - Passwall              Tmut/Erth      13%        N/A       4%          2
c - Stone Arrow           Conj/Erth      30%        3d8       12%         3
d - Lee's Rapid Deconstr  Erth           13%        3d10*     30%         5

Your spell library contained the following spells:

 Spells                   Type           Power      Damage    Failure   Level
 Foxfire                  Conj/Fire      16%        2x1d4     14%         1
 Beastly Appendage        Tmut           14%        N/A       10%         1
 Wereblood                Tmut           7%         N/A       14%         2
 Spider Form              Tmut/Pois      2%         N/A       34%         3
 Confusing Touch          Hex            3%         N/A       41%         3
 Gell's Gravitas          Tloc           1%         N/A       41%         3
 Petrify                  Tmut/Erth      16%        N/A       32%         4
 Ice Form                 Ice/Tmut       5%         N/A       75%         4
 Hydra Form               Tmut           3%         N/A       95%         5
 Yara's Violent Unravell  Hex/Tmut       2%         3d3       97%         5
 Metabolic Englaciation   Hex/Ice        1%         N/A       99%         5


Dungeon Overview and Level Annotations

Branches:
Dungeon (3/15)             Temple (0/1) D:4

Altars:
Sif Muna
Vehumet

Shops:
D:2 (

Annotations:
D:4 Robin


Innate Abilities, Weirdness & Mutations

Your stone body is resilient. (AC +4)
You are immune to poison.
You resist negative energy. (rN+)
You are resistant to electric shocks. (rElec)
You are resistant to unholy torment.
You can survive without breathing.
You are immune to petrification.


Message History

The hobgoblin hits you but does no damage.
Robin roars a battlecry!
The goblins go into a battle-frenzy!
The goblin barely misses you. The hobgoblin barely misses you.
The goblin hits you but does no damage.
You barely miss the goblin.
An adder comes into view.
The hobgoblin closely misses you.
The goblin hits you but does no damage. x2
The hobgoblin closely misses you. The goblin closely misses you.
Unknown command.
As you read the scroll labelled MOKAORHUSKU, it crumbles to dust.
Your body is wracked with pain!
The goblin convulses! x2
The hobgoblin convulses! x3; Robin convulses!
The goblin convulses! x4
The orc convulses!
The goblin convulses!
The hobgoblin convulses!
The goblin convulses!
The adder convulses!
It was a scroll of torment.
The hobgoblin barely misses you. The hobgoblin closely misses you.
Robin closely misses you.
The goblin hits you but does no damage. x2
The hobgoblin hits you but does no damage.
The goblin misses you. The goblin closely misses you.
Unknown command.
Unknown command.
As you read the scroll labelled DACHU ULAWYSO, it crumbles to dust.
It is a scroll of enchant weapon.
Your +0 morningstar glows red for a moment.
The hobgoblin barely misses you.
The orc hits you from afar with a +0 trident.
* * * LOW HITPOINT WARNING * * *
The hobgoblin barely misses you. Robin completely misses you.
The goblin barely misses you. The goblin hits you but does no damage.
The hobgoblin barely misses you. The goblin hits you with a +0 club.
* * * LOW HITPOINT WARNING * * *
The goblin hits you with a +0 club.
* * * LOW HITPOINT WARNING * * *
As you read the scroll labelled WIZUYQUMET, it crumbles to dust.
You feel aware of your surroundings.
You sensed 5 altars, and 1 shop/portal.
It was a scroll of magic mapping.
The hobgoblin closely misses you. The orc hits you but does no damage.
The hobgoblin hits you.
* * * LOW HITPOINT WARNING * * *
Robin hits you but does no damage. The goblin hits you with a +0 club.
You die...

,,****,** *****<,,* **
,** *,,** ###.......#
*, ** **,,*
#.........# **, *
**,** #.........## *,*
**.####..........#
**,* *#..............#
**,**
*#.....gg......#* *,,*
#....gggg......*
**,***
*#..Sg@gg......*
*,,,,*
##..gggo......***,*,,*
##..g........**,,*,,,
#...........*,,**,,,
##..........,,,**,,,
#..........,,,**,,,
#.#.......#**,,*,,,
*#.##......# **,,*,,
*,,****,,,** ***,,*


You could see Robin, an adder, an orc, 4 hobgoblins and 8 goblins.

Vanquished Creatures
  Grinder (D:3)
  A necrophage (D:3)
  Blork the orc (D:4)
  Natasha (thrice) (D:3)
  5 adders
  An ufetubus (D:4)
  2 dart slugs
  2 worms
  6 orcs (D:3)
  4 endoplasms
  2 giant cockroaches
  7 goblins
  4 hobgoblins
  7 kobolds
  3 quokkas
  8 ball pythons
  2 bats
  8 frilled lizards
  4 rats
71 creatures vanquished.

Notes
Turn   | Place    | Note
-------+----------+-------------------------------------------
     0 | D:1      | mhtbhm the Gargoyle Earth Elementalist began the quest for
                  | the Orb.
     0 | D:1      | Reached XP level 1. HP: 10/10 MP: 3/3
   201 | D:1      | Found a faded altar of an unknown god.
   312 | D:1      | Reached XP level 2. HP: 15/15 MP: 3/5
   315 | D:1      | Learned a level 2 spell: Passwall
   342 | D:1      | Reached skill level 4 in Earth Magic
  1336 | D:2      | Reached XP level 3. HP: 19/19 MP: 6/6
  1595 | D:2      | Found Qooryff's Weapon Boutique.
  2015 | D:2      | Found a shimmering blue altar of Sif Muna.
  2020 | D:2      | Reached XP level 4. HP: 20/24 MP: 5/8
  2444 | D:3      | Found a radiant altar of Vehumet.
  2445 | D:3      | Noticed Natasha
  2458 | D:3      | Killed Natasha
  2475 | D:3      | Became a worshipper of Vehumet
  2519 | D:3      | Noticed a necrophage
  2525 | D:3      | Killed a necrophage
  2526 | D:3      | Reached skill level 1 in Fighting
  2526 | D:3      | Reached skill level 1 in Maces & Flails
  2526 | D:3      | Reached skill level 5 in Earth Magic
  2526 | D:3      | Reached XP level 5. HP: 16/29 MP: 4/9
  2535 | D:3      | Noticed Natasha
  2570 | D:3      | Killed Natasha
  2762 | D:3      | Learned a level 5 spell: Lee's Rapid Deconstruction
  2804 | D:3      | Noticed Natasha
  2812 | D:3      | Killed Natasha
  2813 | D:3      | Reached skill level 1 in Transmutations
  2813 | D:3      | Reached XP level 6. HP: 27/34 MP: 5/11
  2817 | D:3      | Learned a level 3 spell: Stone Arrow
  3212 | D:3      | Noticed Grinder
  3212 | D:3      | Paralysed by Grinder for 3 turns
  3224 | D:3      | Paralysed by Grinder for 5 turns
  3232 | D:3      | Killed Grinder
  3233 | D:3      | Reached XP level 7. HP: 24/38 MP: 1/13
  3740 | D:3      | Reached skill level 6 in Earth Magic
  3884 | D:3      | You fall into a shaft and drop 1 floor!
  3901 | D:4      | Reached * piety under Vehumet
  3901 | D:4      | Offered knowledge of Foxfire by Vehumet.
  3990 | D:4      | Noticed Blork the orc
  4007 | D:4      | Killed Blork the orc
  4086 | D:4      | Noticed Robin
  4091 | D:4      | Slain by a goblin

Illustrated notes

Levels and vault maps discovered:
D:1:      zelgadis_glass_arrival_small, layout_loops_ring,
          ebering_ecumenical_altar_box, minmay_tromino_i4
D:2:      layout_loops_ring, serial_shops, nicolae_shop_statue_plus, basic_altar
D:3:      layout_loops_ring, amcnicky_altar_gilded, small_statue_intersection,
          hangedman_decor_slide_cut, uniq_grinder, uniq_natasha
D:4:      layout_cave_pods, chequers_temple_overflow_minitemple,
          minmay_temple_entry_overgrown, gup_sewer_entry_bubbles,
          uniq_blork_the_orc, uniq_duvessa, uniq_robin

Skill      XL: |  1  2  3  4  5  6  7 |
---------------+----------------------+-----
Earth Magic    | 4 5 6 |  6.2
Dodging        | 2 |  2.6
Fighting       | 1 |  1.3
Maces & Flails | 1 2 |  2.4
Spellcasting   | 3 4 |  4.3
Transmutations | 1 |  1.0
Throwing       | |  0.4
Stealth        | |  2.3

Action                   |  1- 3 |  4- 6 |  7- 9 || total
-------------------------+-------+-------+-------++-------
Melee: Unarmed           |     1 |       |       ||     1
       Whip              |    86 |    28 |       ||   114
       Morningstar       |       |    12 |    46 ||    58
       Flail             |       |     1 |       ||     1
Throw: Dart              |     3 |     3 |       ||     6
 Cast: Sandblast         |    22 |    44 |     3 ||    69
       Passwall          |     2 |       |       ||     2
  Use: Potion            |       |     2 |     2 ||     4
       Scroll            |       |       |     7 ||     7
 Stab: Sleeping          |     8 |     2 |     1 ||    11
Armor: Robe              |    34 |    24 |    34 ||    92
Dodge: Dodged            |    74 |    41 |    56 ||   171

Table legend: (Time is in decaauts)
 A = Elapsed time spent in this place.
 B = Non-inter-level travel time spent in this place.
 C = Inter-level travel time spent in this place.
 D = Time resting spent in this place.
 E = Time spent auto-exploring this place.
 F = Levels seen in this place.
 G = Mean time per level.
                   A        B        C        D        E       F      G
               +--------+--------+--------+--------+--------+-----+--------+
         Total |   4131 |   4113 |     18 |    950 |   2347 |   4 | 1032.8 |
       Dungeon |   4131 |   4113 |     18 |    950 |   2347 |   4 | 1032.8 |
               +--------+--------+--------+--------+--------+-----+--------+

Top non-repeatable levels by time:
     D:3: 1473 daAuts
     D:1: 1271 daAuts
     D:2: 1168 daAuts
     D:4: 217 daAuts
